Map: [ESL] Royal Blood

Players

Cow (PiG)

  • Race: Terran Terran
  • League: Grandmaster
  • Spawn Location: 1:00

JoCanada - Winner!

  • Race: Zerg Zerg
  • League: Gold
  • Spawn Location: 7:00

VOD

https://www.youtube.com/playlist?list=PLOrKQEirgvjBrkg_LERyoNc_WYX2C2tgI

Description

Time

  • Played on: July 18, 2023, 7:18 p.m.
  • Length: 17:33
Show
View Real Time Build Order
Export as new Build Order

Cow Terran 

Build Orders:  

Get SALT Encoding   

  12  0:00  SCV  
  13  0:12  SCV  
  14  0:18  Supply Depot  
  14  0:20  Supply Depot  
  14  0:24  SCV  
  15  0:41  SCV  
  16  0:43  Barracks  
  16  0:49  Refinery  
  16  0:53  SCV  
  17  1:05  SCV  
  18  1:18  SCV  
  19  1:31  Orbital Command  
  19  1:32  Barracks Reactor  
  19  1:45  Command Center  
  19  1:57  Supply Depot, SCV  
  19  2:09  Marine x2, SCV  
  22  2:21  SCV  
  22  2:22  Factory  
  23  2:27  Refinery  
  23  2:31  Marine x2  
  24  2:40  SCV  
  25  2:49  Marine x2  
  27  2:52  SCV  
  28  3:04  SCV  
  29  3:07  Marine x2  
  29  3:09  Bunker  
  31  3:16  SCV  
  31  3:18  Starport  
  32  3:21  Factory Tech Lab  
  32  3:25  Marine  
  33  3:28  SCV  
  34  3:36  Marine  
  34  3:40  SCV  
  28  3:43  Marine  
  26  3:53  Orbital Command  
  26  3:59  Marine  
  26  4:01  Marine  
  26  4:27  SCV x2  
  28  4:35  Marine x2  
  30  4:38  Siege Tank  
  30  4:39  SCV x2  
  30  4:44  Viking  
  37  4:53  SCV x2  
  39  5:05  SCV x2  
  39  5:06  Supply Depot x2  
  41  5:17  SCV x2  
  43  5:29  SCV  
  43  5:30  SCV  
  43  5:35  Supply Depot x2  
  45  5:40  Marine x2  
  45  5:41  Siege Tank, SCV  
  45  5:42  Starport Reactor, SCV  
  52  5:53  SCV  
  52  5:55  SCV  
  54  6:05  SCV  
  54  6:11  Barracks  
  55  6:12  Barracks x2  
  55  6:13  Barracks  
  55  6:16  SCV  
  55  6:18  SCV  
  57  6:19  Marine x2  
  57  6:20  Siege Tank  
  57  6:21  Medivac x2  
  57  6:25  Supply Depot  
  66  6:27  Supply Depot  
  66  6:28  SCV  
  66  6:30  SCV  
  68  6:33  Refinery  
  68  6:34  Engineering Bay  
  68  6:35  Refinery  
  68  7:03  SCV x2  
  68  7:07  Marine x2  
  72  7:08  Siege Tank  
  72  7:09  Medivac x2  
  72  7:15  Supply Depot x2, SCV x2  
  81  7:17  Barracks Tech Lab  
  81  7:18  Barracks Tech Lab, Barracks Reactor  
  81  7:19  Barracks Reactor  
  81  7:27  SCV  
  82  7:39  Terran Infantry Weapons Level 1  
  82  7:45  Marauder x2, Marine x2  
  82  7:47  Siege Tank  
  82  7:48  Medivac x2  
  95  7:53  Stimpack  
  95  7:57  Supply Depot  
  95  8:02  Supply Depot  
  95  8:03  Marine x2  
  97  8:06  Combat Shield  
  97  8:16  Marauder x2, Marine  
  97  8:17  Marine x3  
  97  8:19  Siege Tank  
  108  8:20  Marine  
  108  8:21  Marine, Supply Depot  
  108  8:25  Supply Depot  
  110  8:34  Marine x3  
  110  8:35  Marine  
  110  8:37  Marauder x2  
  110  8:38  Marine  
  110  8:39  Marine  
  120  8:43  Supply Depot  
  120  8:47  Supply Depot  
  120  8:51  Siege Tank  
  123  8:59  Marauder x2  
  127  9:09  Supply Depot  
  127  9:25  Concussive Shells  
  127  9:30  Marauder x2, Marine x6  
  140  9:31  Medivac x2, Siege Tank  
  144  9:42  Supply Depot  
  144  9:43  Terran Infantry Armor Level 1  
  144  9:44  Supply Depot  
  144  9:47  Marine  
  144  9:48  Marine x3  
  144  9:51  Marauder x2  
  119  9:57  Marine x2  
  89  10:01  Medivac  
  89  10:03  Siege Tank  
  89  10:05  Marine  
  89  10:12  Marauder  
  89  10:13  Marine x3  
  89  10:14  Marauder, Marine  
  94  10:15  Marine  
  96  10:23  Marine  
  97  10:31  Marine x3  
  97  10:32  Marine x2  
  97  10:34  Orbital Command, Marauder, Marine  
  105  10:41  Marine  
  91  10:52  Marine x3  
  91  10:53  Marine x2, Marauder  
  91  10:54  Marine  
  84  11:32  Marine  
  84  11:33  Marine x6, Marauder  
  80  11:50  Marine x4  
  82  12:00  Marauder x2  
  86  12:21  Marine x2  
  86  12:22  Marine x5  
  93  12:23  Marine  
  93  12:29  Siege Tank  
  97  12:48  Marine, Marauder  
  97  12:49  Marine x5, Marauder  
  107  13:01  Siege Tank  
  110  13:06  Marine x2  
  110  13:10  Marauder  
  114  13:28  Supply Depot  
  114  13:57  Marine x2  
  114  13:58  Marine x4, Marauder x2  
  114  13:59  Medivac x2, Siege Tank  
  128  14:15  Marine x4  
  128  14:16  Marine x2  
  132  14:19  Marine, Marauder  
  124  14:30  Orbital Command  
  124  14:32  Marine  
  124  14:33  Marine x3  
  128  14:51  Marine x8  
  130  15:09  Marine x5  
  108  16:07  Marine x7, Marauder  
  60  16:24  Marine  
  60  16:25  Marine x4  
  65  16:57  Marine x5  
Show
View Real Time Build Order
Export as new Build Order

JoCanada Zerg - Winner!

Build Orders: Pool First 

Get SALT Encoding   

  12  0:00  Drone  
  13  0:12  Overlord  
  13  0:16  Drone  
  14  0:31  Drone x2  
  16  0:41  Spawning Pool  
  15  0:45  Drone  
  15  0:49  Drone  
  17  1:10  Hatchery  
  16  1:13  Drone  
  16  1:17  Extractor  
  16  1:19  Drone  
  17  1:29  Zergling x4  
  19  1:36  Roach Warren  
  19  1:40  Drone  
  19  1:53  Queen  
  21  1:58  Overlord  
  21  2:21  Roach x2  
  25  2:24  Roach x2  
  29  2:33  Roach  
  31  2:42  Queen  
  33  2:46  Overlord  
  32  2:57  Ravager  
  32  3:13  Drone x7  
  32  3:15  Drone  
  34  4:06  Drone  
  34  4:07  Drone x3  
  36  4:20  Drone x3  
  36  4:34  Overlord x3  
  36  4:42  Lair  
  36  4:43  Metabolic Boost  
  36  4:49  Baneling Nest, Drone  
  36  4:55  Extractor  
  36  4:56  Drone x3  
  36  4:59  Drone x4  
  42  5:12  Hatchery, Drone x3  
  42  5:14  Hatchery  
  43  5:16  Hatchery, Drone  
  43  5:30  Evolution Chamber  
  43  5:31  Evolution Chamber  
  41  5:45  Drone  
  43  5:50  Drone x11  
  53  5:57  Overlord x2  
  53  6:01  Zerg Ground Armor Level 1, Zerg Melee Weapons Level 1  
  53  6:07  Centrifugal Hooks  
  53  6:10  Drone x2  
  55  6:18  Queen  
  55  6:22  Zergling x12  
  63  6:39  Drone x3  
  67  6:40  Drone x6  
  67  6:43  Zergling x2  
  73  7:00  Overlord x3  
  73  7:02  Zergling x4  
  73  7:03  Zergling x14  
  82  7:11  Zergling x6  
  82  7:12  Zergling x4  
  87  7:19  Baneling x14  
  87  7:22  Hatchery  
  86  7:26  Zergling x8  
  86  7:27  Zergling x6  
  93  7:36  Hatchery  
  92  7:48  Zergling x6  
  92  7:49  Zergling x28  
  110  7:58  Zergling x2  
  110  8:07  Overlord x2  
  110  8:08  Overlord x2  
  110  8:40  Zergling x18  
  110  8:41  Zergling x32  
  135  8:45  Baneling  
  135  8:46  Baneling x19  
  135  9:01  Zergling x14  
  135  9:02  Zergling x10  
  147  9:13  Zergling x14  
  154  9:26  Overlord x4  
  154  9:30  Baneling  
  154  9:31  Baneling x9  
  151  9:50  Zergling x40  
  151  9:51  Zergling x2  
  136  9:53  Zergling x8  
  111  10:14  Zergling x20  
  111  10:15  Zergling x10  
  123  10:25  Zergling x12  
  119  10:34  Zergling x6  
  119  10:35  Zergling x6  
  101  10:43  Zergling x14  
  101  10:44  Zergling x2  
  101  10:46  Baneling x2  
  101  10:47  Baneling x9  
  101  10:48  Baneling x4  
  100  10:58  Zergling x4  
  100  10:59  Zergling x18  
  111  11:06  Drone x3  
  111  11:07  Drone x3  
  117  11:11  Zergling x6  
  117  11:15  Baneling x7  
  120  11:24  Zergling x2  
  120  11:25  Zergling x20  
  112  11:35  Zergling x4  
  112  11:36  Zergling x6  
  97  11:53  Zergling x28  
  97  11:54  Zergling x6  
  93  12:11  Zergling x2  
  93  12:12  Zergling x36  
  111  12:16  Baneling x11  
  111  12:17  Baneling x3  
  111  12:29  Drone  
  113  12:30  Drone x4  
  113  12:35  Extractor, Drone  
  113  12:36  Extractor, Drone x2  
  117  12:38  Drone x3  
  117  12:43  Zergling x16, Infestation Pit  
  117  12:44  Zergling x14  
  133  12:47  Baneling x2  
  133  13:10  Zergling x30  
  133  13:11  Zergling x10  
  153  13:14  Baneling x9  
  153  13:26  Zerg Melee Weapons Level 2  
  153  13:31  Zergling x2  
  153  13:32  Zergling x18  
  163  13:42  Zergling x2  
  163  13:43  Zergling x26  
  172  14:02  Zergling x24  
  174  14:10  Hive  
  167  14:19  Zergling x14  
  167  14:20  Zergling x18  
  156  14:47  Zergling x14  
  156  14:48  Zergling x14  
  159  15:02  Zergling x20  
  150  15:18  Baneling x21  
  150  15:19  Baneling x17  
  150  15:29  Zergling x12  
  150  15:30  Zergling x12  
  162  15:41  Ultralisk Cavern  
  161  15:50  Drone x2  
  161  15:51  Extractor, Drone  
  161  15:52  Extractor, Drone  
  161  15:53  Drone x2  
  161  15:55  Zergling x18  
  142  16:06  Zergling x6  
  142  16:07  Zergling x12  
  107  16:30  Ultralisk x2  
  107  16:31  Ultralisk  
  125  16:45  Drone x2  
  125  16:46  Drone  
  128  16:48  Drone x2  
  128  16:49  Drone  
  128  16:51  Ultralisk  
  137  16:54  Zergling x6  
  137  16:55  Zergling x20  
  137  16:59  Baneling x7  
  137  17:00  Baneling  
  150  17:15  Zergling x10  
  136  17:16  Zergling x20  
Tags
 
Add a new tag
Caveats
  • Supply blocks, unpowered buildings, or Contaminate may cause inaccurate times.
  • Supply counts are checked every 10 seconds.